 Dungeon Crawl Stone Soup version 0.27.1-3-gb3d3a73c9e (webtiles) character file.

Game seed: 9844766837245721542

823 Turgor the Frost Mage (level 7, 0/46 HPs)
             Began as a Merfolk Ice Elementalist on Oct 6, 2021.
             Was a Follower of Okawaru.
             Slain by a wight (15 damage)
             ... on level 5 of the Dungeon.
             The game lasted 00:39:27 (5454 turns).

Turgor the Frost Mage (Merfolk Ice Elementalist)    Turns: 5454, Time: 00:39:28

Health: 0/46       AC:  5    Str:  8    XL:     7   Next: 96%
Magic:  6/15       EV: 12    Int: 17    God:    Okawaru [*.....]
Gold:   113        SH:  0    Dex: 14    Spells: 6/17 levels left

rFire    . . .     SeeInvis .   q - +0 hunting sling
rCold    . . .     Faith    .   (no shield)
rNeg     . . .     Spirit   .   o - +0 robe {Will+}
rPois    .         Reflect  .   m - +2 hat
rElec    .         Harm     .   (no cloak)
rCorr    .         Rampage  .   l - +0 pair of gloves
Will     +....                  (no boots)
Stlth    ++........             (no amulet)
HPRegen  0.15/turn              (no ring)
MPRegen  0.14/turn              (no ring)

@: freezing walls
A: (nimble swimmer 2), mertail
a: Renounce Religion, Heroism


You were on level 5 of the Dungeon.
You worshipped Okawaru.
Okawaru was aware of your devotion.
You visited 2 branches of the dungeon, and saw 6 of its levels.

You collected 312 gold pieces.
You spent 199 gold pieces at shops.

Inventory:

Hand Weapons
 q - a +0 hunting sling (weapon)
 u - a +2 short sword of protection
 A - a +6 club
 B - a +3 short sword
 C - a +4 spear
 F - a +2 dagger of draining
Missiles
 a - 151 stones
 r - 3 sling bullets (quivered ammo)
 D - 10 atropa-tipped darts
Armour
 l - a +0 pair of gloves (worn)
 m - a +2 hat (worn)
 o - a +0 robe of willpower (worn)
Wands
 n - a wand of flame (15)
 w - a wand of acid (4)
 z - a wand of iceblast (11)
 G - a wand of paralysis (8)
Scrolls
 c - a scroll of magic mapping
 g - a scroll of fear {unknown}
 h - a scroll of immolation {unknown}
 i - 2 scrolls of teleportation {unknown}
 s - 2 scrolls of torment {unknown}
 v - 2 scrolls of amnesia
 x - a scroll of fog {unknown}
 y - a scroll of blinking {unknown}
 H - a scroll of enchant weapon {unknown}
Potions
 b - a potion of might
 d - 3 potions of flight
 e - a potion of mutation
 f - 3 potions of haste
 j - a potion of resistance
 k - 3 potions of attraction {unknown}
 p - a potion of ambrosia {unknown}
 t - 2 potions of lignification {unknown}
 E - a potion of degeneration {unknown}


   Skills:
 - Level 2.6 Dodging
 - Level 2.1 Stealth
 + Level 5.6 Spellcasting
 * Level 8.3 Ice Magic


You had 6 spell levels left.
You knew the following spells:

 Your Spells              Type           Power      Damage    Failure   Level
a - Freeze                Ice            100%       1d11      1%          1
b - Frozen Ramparts       Ice            66%        1d8       1%          3
c - Ozocubu's Armour      Ice            33%        N/A       1%          3
d - Hailstorm             Conj/Ice       18%        3d6       24%         4

Your spell library contained the following spells:

 Spells                   Type           Power      Damage    Failure   Level


Dungeon Overview and Level Annotations

Branches:
Dungeon (5/15)             Temple (1/1) D:4

Altars:
Ashenzari
Cheibriados
Dithmenos
Elyvilon
Fedhas
Gozag
Hepliaklqana
Kikubaaqudgha
Makhleb
Okawaru
Qazlal
Ru
Trog
Vehumet
Wu Jian
Yredelemnul
The Shining One

Shops:
D:2 ?   D:3 *


Innate Abilities, Weirdness & Mutations

((You are quick and stealthy near water. (Stealth+, EV+, Speed+++)))
Your lower body shifts to a powerful aquatic tail in water.


Message History

Press: ? - help, Shift-Dir - straight line, f - wight, p - wight
Aim: a wight, wielding a +0 dire flail and wearing a +0 robe (lightly damaged, 71% to hit)
The bolt of acid hits the wight!
The wight is splashed with acid.
The acid corrodes the wight!
You destroy the wight!
Okawaru accepts your kill.
The bolt of acid hits the wight.
The wight is splashed with acid.
The wight is severely damaged.
The wight resists.
The wall freezes the wight.
Your life force feels restored.
Press: ? - help, v - describe, . - travel, g - get item
Here: a wight, wielding a +0 dire flail and wearing a +0 robe (severely damaged)
Items here: a +0 great sword; a +0 robe.
The floor.
Unknown command.
Casting: Frozen Ramparts (safe; 1% risk of failure)
Confirm with . or Enter, or press ? or * to list all spells.
Aiming: Freeze (safe; 1% risk of failure)
Press: ? - help, Shift-Dir - straight line, f/p - wight
Aim: a wight, wielding a +0 dire flail and wearing a +0 robe (severely damaged)
You freeze the wight but do no damage.
The wight completely resists.
The wight resists.
The wall freezes the wight.
The wight misses you.
Unknown command.
Casting: Freeze (safe; 1% risk of failure)
Confirm with . or Enter, or press ? or * to list all spells.
Aiming: Freeze (safe; 1% risk of failure)
Press: ? - help, Shift-Dir - straight line, f/p - wight
Aim: a wight, wielding a +0 dire flail and wearing a +0 robe (severely damaged)
You freeze the wight.
The wight resists.
The wight is severely damaged.
The wight resists.
The wall freezes the wight.
The wight barely misses you.
Casting: Freeze (safe; 1% risk of failure)
Confirm with . or Enter, or press ? or * to list all spells.
Aiming: Freeze (safe; 1% risk of failure)
Press: ? - help, Shift-Dir - straight line, f/p - wight
Aim: a wight, wielding a +0 dire flail and wearing a +0 robe (almost destroyed)
You freeze the wight but do no damage.
The wight completely resists. x2
The wall freezes the wight but does no damage.
The wight hits you with a +0 dire flail!
You die...

#...........
##########.. #.# #.#
#.# #.. # ###
#..################# #
#.(.z@.).)......>..# #
#.(.##.#########.#####
#(# #.# #.# #.. # ..#
#.# #.# ...# #.# #.#
..#.# #.###.# #.##.#
#.....# .. #.# #######
.# #.# #


You could see a wight.

Vanquished Creatures
  A necrophage (D:4)
  7 wights
  Ijyb (D:3)
  A centaur zombie (D:3)
  2 orc priests (D:4)
  Jessica (D:2)
  Terence (D:2)
  Natasha (thrice) (D:4)
  An iguana (D:4)
  An orc wizard (D:4)
  Robin (D:2)
  3 gnolls (D:4)
  3 adders
  An ufetubus (D:4)
  A worm (D:3)
  A dart slug (D:3)
  2 orcs (D:4)
  6 endoplasms
  6 giant cockroaches
  12 goblins
  8 hobgoblins
  7 kobolds
  A quokka (D:1)
  7 ball pythons
  6 bats
  A frilled lizard (D:1)
  4 rats (D:1)
89 creatures vanquished.

Vanquished Creatures (others)
  2 demonic plants (D:2)
  6 fungi (D:2)
  2 plants (D:2)
  2 withered plants (D:2)
12 creatures vanquished.

Grand Total: 101 creatures vanquished

Notes
Turn   | Place    | Note
-------+----------+-------------------------------------------
     0 | D:1      | Turgor the Merfolk Ice Elementalist began the quest for the
                  | Orb.
     0 | D:1      | Reached XP level 1. HP: 13/13 MP: 3/3
   421 | D:1      | Reached XP level 2. HP: 19/19 MP: 3/5
  1334 | D:2      | Reached XP level 3. HP: 24/24 MP: 3/6
  1338 | D:2      | Learned a level 3 spell: Frozen Ramparts
  1342 | D:2      | Learned a level 3 spell: Ozocubu's Armour
  1389 | D:2      | Reached skill level 5 in Ice Magic
  1612 | D:2      | Noticed Jessica
  1636 | D:2      | Killed Jessica
  1637 | D:2      | Reached XP level 4. HP: 30/30 MP: 3/8
  1854 | D:2      | Found a faded altar of an unknown god.
  2006 | D:2      | Noticed Robin
  2012 | D:2      | Killed Robin
  2190 | D:2      | Noticed Terence
  2231 | D:2      | Killed Terence
  2232 | D:2      | Reached XP level 5. HP: 14/35 MP: 0/10
  2444 | D:2      | Found Hucsegini's Magic Scroll Boutique.
  2460 | D:2      | Bought a scroll of identify for 26 gold pieces
  2460 | D:2      | Bought a scroll of magic mapping for 45 gold pieces
  2471 | D:2      | Bought a scroll of identify for 26 gold pieces
  2471 | D:2      | Bought a scroll of identify for 26 gold pieces
  2471 | D:2      | Bought a scroll of noise for 13 gold pieces
  2471 | D:2      | Bought a scroll of amnesia for 45 gold pieces
  3084 | D:3      | Found a blossoming altar of Fedhas.
  3101 | D:3      | Found Maasupyleu's Assorted Antiques.
  3115 | D:3      | Bought an orange potion for 18 gold pieces
  3315 | D:3      | Reached skill level 6 in Ice Magic
  3740 | D:3      | Noticed Ijyb
  3779 | D:3      | Killed Ijyb
  3956 | D:4      | Found a staircase to the Ecumenical Temple.
  3975 | D:4      | Reached XP level 6. HP: 31/41 MP: 5/12
  3978 | Temple   | Entered the Ecumenical Temple
  4201 | Temple   | Became a worshipper of Warmaster Okawaru
  4254 | D:4      | Noticed Natasha
  4263 | D:4      | Killed Natasha
  4264 | D:4      | Reached skill level 7 in Ice Magic
  4462 | D:4      | Reached XP level 7. HP: 46/46 MP: 10/14
  4478 | D:4      | Reached skill level 5 in Spellcasting
  4484 | D:4      | Learned a level 4 spell: Hailstorm
  4692 | D:4      | Noticed Natasha
  4696 | D:4      | Killed Natasha
  4761 | D:4      | Noticed Natasha
  4813 | D:4      | Killed Natasha
  4910 | D:4      | Reached * piety under Okawaru
  5319 | D:5      | Entered Level 5 of the Dungeon
  5433 | D:5      | Reached skill level 8 in Ice Magic
  5454 | D:5      | Slain by a wight

Illustrated notes

Levels and vault maps discovered:
D:1:      dpeg_arrival_short_road, layout_basic,
          wander_ebering_terrifying_dragon_lair
D:2:      layout_basic, shapermc_ecumenical_altar_gd, serial_shops, shop_coins,
          minmay_unequal, uniq_jessica, uniq_robin, uniq_terence
D:3:      layout_basic, fedhas_altar_2, serial_shops, shop,
          minmay_misc_feat_square, minmay_cupped, uniq_ijyb
D:4:      layout_loops_cross, minmay_temple_entry_glass, feat_on_display,
          uniq_natasha
D:5:      layout_basic, mainiacjoe_overflow_catwalk_spiral,
          grunt_decor_fettered, minmay_manual_monstrance
Temple:   nicolae_temple_elliptical

Skill      XL: |  1  2  3  4  5  6  7 |
---------------+----------------------+-----
Ice Magic      | 5 6 7 8 |  8.3
Spellcasting   | 3 4 5 |  5.6
Dodging        | |  2.6
Stealth        | |  2.1

Action                   |  1- 3 |  4- 6 |  7- 9 || total
-------------------------+-------+-------+-------++-------
Melee: Dagger            |     7 |    31 |       ||    38
       Unarmed           |     3 |       |       ||     3
       Short sword       |       |    34 |       ||    34
       Spear             |       |       |    21 ||    21
       Club              |       |       |     9 ||     9
 Fire: Hunting sling     |       |    16 |    16 ||    32
Throw: Boomerang         |     4 |       |       ||     4
 Cast: Freeze            |    36 |    39 |    14 ||    89
       Frozen Ramparts   |     2 |     9 |    10 ||    21
       Ozocubu's Armour  |       |     4 |     1 ||     5
Evoke: Wand              |       |     5 |     3 ||     8
  Use: Scroll            |       |     4 |       ||     4
 Stab: Sleeping          |     5 |       |       ||     5
       Paralysed         |       |       |    10 ||    10
Armor: Robe              |     4 |    40 |     9 ||    53
Dodge: Dodged            |    14 |    71 |    14 ||    99
